 Dungeon Crawl Stone Soup version 0.16-a0-778-g0731923 (webtiles) character file.

174 MackTheKnife the Spear-Bearer (level 5, -1/41 HPs)
             Began as a Merfolk Chaos Knight on Sept 25, 2014.
             Was a Plaything of Xom.
             Slain by Prince Ribbit (8 damage)
             ... on Level 4 of the Dungeon.
             The game lasted 00:07:27 (3903 turns).

MackTheKnife the Spear-Bearer (MfCK)                Turns: 3903, Time: 00:07:28

HP  -1/41        AC  7     Str 12      XL: 5   Next: 54%
MP   5/5         EV 12     Int 15      God: Xom
Gold 201         SH  0     Dex 14      Spells:  0 memorised,  4 levels left

rFire  . . .     SeeInvis .     a - +0 halberd
rCold  . . .     Clarity  .     f - +2 leather armour
rNeg   . . .     rCorr    +     (no shield)
rPois  .         rRot     .     j - +1 helmet
rElec  .         Spirit   .     (no cloak)
SustAb .         Warding  .     (no gloves)
rMut   .         Stasis   .     (no boots)
Gourm  .                        d - amulet of resist corrosion
MR     .....                    (no ring)
                                e - +3 ring of intelligence

@: not resistant to hostile enchantments, very unstealthy
A: change form in water, swift swim
a: Renounce Religion


You were on level 4 of the Dungeon.
You worshipped Xom.
You were a toy of Xom.
You were not hungry.

You visited 1 branch of the dungeon, and saw 4 of its levels.

You collected 201 gold pieces.


   Skills:
 - Level 3.2 Fighting
 + Level 8.2 Polearms
 - Level 0.6 Armour
 + Level 3.7 Dodging


You had 4 spell levels left.
You didn't know any spells.

Inventory:

Hand weapons
 a - a +0 halberd (weapon)
 b - a +0 blowgun
Missiles
 h - 4 poisoned needles
Armour
 f - a +2 leather armour (worn)
 j - a +1 helmet (worn)
Comestibles
 c - 3 bread rations
 g - 2 beef jerkies
 k - 2 meat rations
Scrolls
 n - a scroll of remove curse
Jewellery
 d - an amulet of resist corrosion (around neck)
 e - a +3 ring of intelligence (left hand)
 i - an uncursed ring of fire
Potions
 l - a potion of brilliance

▒▒▒▒▒▒▒·▒
▒··?····▒ ▒)▒
▒·▒▒▒▒▒<▒▒▒▒▒▒▒▒
▒····%·········▒
▒▒▒▒▒▒▒·▒▒▒▒▒▒F▒
▒·▒ ▒m▒ ▒·▒ ▒·▒
▒·▒ ▒·▒ ··▒ ▒·▒
▒▒▒ ··▒ ··· ▒▒▒


You could see Prince Ribbit.


Message History

Prince Ribbit is nearby!
Attack whom?
Aim: Prince Ribbit You reach to attack!
You puncture Prince Ribbit!
Prince Ribbit is moderately wounded.
Prince Ribbit hits you!
Prince Ribbit is moderately wounded.
Prince Ribbit closely misses you. x2
Drink which item? (? for menu, Esc to quit)
Okay, then.
You hit Prince Ribbit.
Prince Ribbit is moderately wounded.
Prince Ribbit closely misses you.
You miss Prince Ribbit.
Prince Ribbit is moderately wounded.
Prince Ribbit hits you. Prince Ribbit hits you!
* * * LOW HITPOINT WARNING * * *
You puncture Prince Ribbit!
Prince Ribbit is heavily wounded.
Prince Ribbit hits you!
* * * LOW HITPOINT WARNING * * *
Unknown command.
There is a stone staircase leading up here.
Prince Ribbit misses you.
Prince Ribbit blinks!
There is a stone staircase leading up here.
Prince Ribbit hops awkwardly around.
Prince Ribbit hits you!
You die...
Xom titters!

Action                   |  1- 3 |  4- 6 || total
-------------------------+-------+-------++-------
Melee: Spear             |    91 |   171 ||   262
       Halberd           |       |     8 ||     8
  Use: Scroll            |     1 |     4 ||     5
       Potion            |       |     7 ||     7
 Stab: Sleeping          |     2 |     1 ||     3
       Paralysed         |       |     1 ||     1
  Eat: Chunk             |       |     3 ||     3
       Meat ration       |       |     2 ||     2

Vault maps used:
D:1:      shiori_arrival_whats_in_store_for_you
D:2:      yredelemnul_altar_generic, minmay_statues_item, uniq_sigmund,
          uniq_jessica, uniq_iyjb
D:3:      bloody_makhleb, first_bread
D:4:      tgw_kikubaaqudgha, uniq_prince_ribbit1

Notes
Turn   | Place    | Note
--------------------------------------------------------------
     0 | D:1      | MackTheKnife, the Merfolk Chaos Knight, began the quest for the Orb.
     0 | D:1      | Reached XP level 1. HP: 18/18 MP: 1/1
     0 | D:1      | Noticed a draconian zombie
     0 | D:1      | Noticed a human zombie
     3 | D:1      | Noticed an elf zombie
     6 | D:1      | Noticed a troll zombie
     7 | D:1      | Noticed a spriggan zombie
    13 | D:1      | Noticed a troll zombie
    14 | D:1      | Noticed a centaur zombie
    18 | D:1      | Noticed a spriggan zombie
   146 | D:1      | XOM: harmless Pois miscast
   226 | D:1      | Reached skill level 5 in Polearms
   230 | D:1      | Reached XP level 2. HP: 13/24 MP: 2/2
   496 | D:1      | XOM: harmless Erth miscast
   532 | D:1      | XOM: divination: detect creatures
   835 | D:1      | XOM is BORED!
   835 | D:1      | XOM: noise
   972 | D:2      | Reached skill level 6 in Polearms
   972 | D:2      | Reached XP level 3. HP: 24/29 MP: 3/3
  1254 | D:2      | Noticed Jessica
  1258 | D:2      | Noticed Ijyb
  1264 | D:2      | Killed Jessica
  1277 | D:2      | Killed Ijyb
  1277 | D:2      | Reached skill level 7 in Polearms
  1277 | D:2      | Reached XP level 4. HP: 9/35 MP: 4/4
  1490 | D:2      | XOM: harmless Summ miscast
  1684 | D:2      | Found a basalt altar of Yredelemnul.
  1713 | D:2      | Gained mutation: Your mind is acute. (Int +2) [potion of mutation]
  1713 | D:2      | Gained mutation: Your body is slowly deteriorating. [potion of mutation]
  1713 | D:2      | Gained mutation: Your mind is very acute. (Int +4) [potion of mutation]
  1715 | D:2      | Lost mutation: Your mind is very acute. (Int +4) [potion of cure mutation]
  1715 | D:2      | Lost mutation: Your body is slowly deteriorating. [potion of cure mutation]
  1715 | D:2      | Lost mutation: Your mind is acute. (Int +2) [potion of cure mutation]
  1753 | D:2      | Noticed Sigmund
  1991 | D:1      | XOM: divination: detect creatures
  2467 | D:3      | XOM: harmless Ice miscast
  2528 | D:3      | Reached skill level 3 in Dodging
  2895 | D:3      | Reached XP level 5. HP: 32/41 MP: 5/5
  3244 | D:3      | Found a burning altar of Makhleb.
  3260 | D:3      | XOM: silly message
  3261 | D:3      | Reached skill level 8 in Polearms
  3274 | D:3      | XOM: potion effect (curing)
  3888 | D:4      | Noticed Prince Ribbit
  3903 | D:4      | Slain by Prince Ribbit

Vanquished Creatures
  Ijyb (D:2)
  Jessica (D:2)
  3 gnolls (D:3)
  3 adders
  A worm (D:2)
  A giant gecko (D:4)
  An ooze (D:2)
  4 orcs (D:3)
  7 bats
  5 giant cockroaches
  5 hobgoblins
  5 jackals
  A giant cockroach (shapeshifter) (D:2)
  6 giant newts
  13 goblins
  7 kobolds
  9 rats
73 creatures vanquished.

Vanquished Creatures (others)
  A hobgoblin (D:3)
1 creature vanquished.

Grand Total: 74 creatures vanquished
